AoeStats
← woif00

Migration

509107303Analyzed
1v1 RM · 8d ago on Sep 25, 2026· 48m 24s· 2 players
Game mode
Random Map
Map size
132×132
Population
200
Speed
Normal
Resources
Standard
Victory
Conquest
Starting age
Dark Age
Ending age
Imperial Age
RankedLock teamsTeams togetherTeam positionsShared explorationLock speedFull tech treeHidden civsTurbo modeCheats
Victory
Defeat
🇦🇹 Saxons · Austria
1112
+14
🇺🇸 Mongols · United States
1073
-14
rascal
12:16 Feudal Age
12:50 Double-Bit Axe
15:57 Loom
18:58 Castle Age
18:01 Gold Mining
18:02 Stone Mining
20:30 Fletching
21:59 Bodkin Arrow
23:17 Thumb Ring
23:38 Medium Warships
24:39 Bow Saw
25:42 Wheelbarrow
25:48 Gold Shaft Mining
26:19 Fishing Lines
29:18 Town Watch
30:54 Ballistics
31:43 Scale Barding Armor
35:12 Imperial Age
33:42 Chain Barding Armor
34:36 Horse Collar
36:29 Heavy Plow
37:19 Bracer
38:54 Chemistry
43:44 Hand Cart
45:43 Masonry
woif00
9:10 Loom
13:26 Feudal Age
14:10 Double-Bit Axe
14:15 Fishing Lines
17:07 Castle Age
16:29 Wheelbarrow
15:42 Town Watch
17:56 Fletching
20:44 Medium Warships
22:55 Bow Saw
22:37 Gillnets
23:59 Bodkin Arrow
24:28 Ballistics
29:22 Imperial Age
29:16 Guard Tower
29:22 Murder Holes
29:38 Masonry
29:42 Careening
33:42 Keep
32:49 Treadmill Crane
33:58 Bracer
34:00 Heated Shot
36:12 Architecture
36:51 Hand Cart
37:25 Conscription
37:07 Shield Wall
38:25 Hoardings
38:53 Elite Hearth Troop
Connection lost

Rejoining the realm…

Still unreachable

The connection could not be restored.

Session expired

The server has moved on; the page needs a fresh start.